 Dungeon Crawl Stone Soup version 0.18.1-2-ga659475 (webtiles) character file.

158 Implojin the Insei (level 5, -1/41 HPs)
             Began as a Mummy Monk on May 8, 2016.
             Slain by a gnoll
             ... wielding a +0 halberd
              (14 damage)
             ... on level 1 of the Dungeon.
             The game lasted 00:12:20 (6851 turns).

Implojin the Insei (Mummy Monk)                     Turns: 6851, Time: 00:12:21

Health: -1/41      AC:  2    Str: 15    XL:     5   Next: 16%
Magic:  5/5        EV: 13    Int:  9    God:
Gold:   237        SH:  0    Dex: 15    Spells: 0 memorised, 4 levels left

rFire  x . .     SeeInvis .       - Unarmed
rCold  + . .     Gourm    .     (no armour)
rNeg   + + +     Faith    .     (no shield)
rPois  ∞         Spirit   .     (no helmet)
rElec  .         Dismiss  .     (no cloak)
rCorr  +         Reflect  .     k - +0 pair of gloves
SustAt .         Harm     .     j - +0 pair of boots
MR     +....                    (no amulet)
Stlth  ++........               l - ring of resist corrosion
                                a - ring of protection from magic

@: somewhat resistant to hostile enchantments, unstealthy
A: no food or potions, fire vulnerability, cold resistance 1, negative energy
resistance 3, torment resistance, unbreathing
a: no special abilities


You were on level 1 of the Dungeon.
You were not hungry.

You visited 1 branch of the dungeon, and saw 4 of its levels.

You collected 237 gold pieces.

Inventory:

Armour
 j - a +0 pair of boots (worn)
 k - a +0 pair of gloves (worn)
Jewellery
 a - a ring of protection from magic (left hand)
 i - an uncursed amulet of magic regeneration {unknown}
 l - a ring of resist corrosion (right hand)
 n - an uncursed ring of ice
Scrolls
 b - 2 scrolls of amnesia
 c - a scroll of random uselessness
 d - a scroll of noise
 e - 2 scrolls of remove curse
 f - a scroll of teleportation
 g - a scroll of enchant armour {unknown}
 h - a scroll of recharging {unknown}
 m - a scroll of blinking {unknown}


   Skills:
 - Level 3.0 Fighting
 - Level 2.4 Dodging
 - Level 1.5 Stealth
 * Level 5.4 Unarmed Combat


You had 4 spell levels left.
You didn't know any spells.

Dungeon Overview and Level Annotations

Branches:
Dungeon (4/15)
 Temple: D:4-7

Altars:
Ashenzari
Okawaru


Innate Abilities, Weirdness & Mutations

You do not eat or drink.
Your flesh is vulnerable to fire.
You are immune to poison.
Your flesh is cold resistant.
You are immune to negative energy.
You are immune to unholy pain and torment.
You can survive without breathing.


Message History

A gnoll is nearby!
The gnoll hits you with a halberd! The gnoll barely misses you.
The gnoll closely misses you. The gnoll completely misses you.
The gnoll misses you.
A bat comes into view.
There is an open door here.
The bat hits you but does no damage. The bat closely misses you.
The bat closely misses you. The bat closely misses you.
The bat barely misses you. The bat hits you but does no damage.
You barely miss the bat. The bat hits you. The bat barely misses you.
You hit the bat.
You kill the bat!
There is a stone staircase leading up here.
The gnoll barely misses you.
There is a stone staircase leading up here.
Unknown command.
Unknown command.
The gnoll misses you.
You climb upwards.
There is a stone staircase leading down here.
Unknown command.
Unknown command.
The gnoll barely misses you.
Unknown command.
You punch the gnoll!
The gnoll is severely wounded.
The gnoll hits you with a halberd!
* * * LOW HITPOINT WARNING * * *
You hit the gnoll. Your punch misses the gnoll.
The gnoll is almost dead.
You hit the gnoll but do no damage.
The gnoll is almost dead.
The gnoll hits you with a halberd!
* * * LOW HITPOINT WARNING * * *
The gnoll hits you from afar with a halberd!
You die...

....##.......# #......#
######.#####.#######.####.#######
# #.#####[(..(..(...##.......# #
#.##.....######.#.......##.# ##
#.##.##.## #.####.##.##.# .#
#.##.##.##### #......##....#
.#####.........g># ######.####..#
......###..#####.###### #.####..#
..###.# #..#####@.....# #.......#
......###.....##......# ######.##
.......###.##.#.......# #.#
......................###### #.#
..###..###.#..#.#..........# #.#
.......# #.#..#.#####.####.###.##
.####### #####...## #.####.##...#
.#8###⌠###8###....# #.##.).....#.
............##....###.###[###.###


You could see a gnoll.

Vanquished Creatures
  A giant frog skeleton (D:4)
  A howler monkey skeleton (D:4)
  An adder (D:2)
  A gnoll (D:2)
  4 worms
  3 dart slugs
  4 giant geckos
  2 orcs
  3 giant cockroaches (D:1)
  9 goblins
  9 hobgoblins
  3 jackals (D:2)
  3 quokkas (D:2)
  2 ball pythons
  10 bats
  A giant gecko skeleton (D:3)
  7 giant newts
  A jackal zombie (D:3)
  7 kobolds
  6 rats
78 creatures vanquished.

Notes
Turn   | Place    | Note
--------------------------------------------------------------
     0 | D:1      | Implojin the Mummy Monk began the quest for the Orb.
     0 | D:1      | Reached XP level 1. HP: 18/18 MP: 1/1
   465 | D:1      | Reached XP level 2. HP: 20/24 MP: 2/2
  1531 | D:1      | Reached skill level 4 in Unarmed Combat
  1654 | D:1      | Reached XP level 3. HP: 23/29 MP: 3/3
  3171 | D:2      | Reached XP level 4. HP: 14/35 MP: 4/4
  4946 | D:3      | Found a shattered altar of Ashenzari.
  5033 | D:3      | Reached skill level 5 in Unarmed Combat
  5062 | D:3      | Found an iron altar of Okawaru.
  5584 | D:4      | Reached XP level 5. HP: 18/41 MP: 5/5
  6851 | D:1      | Slain by a gnoll

Skill      XL: |  1  2  3  4 |
---------------+-------------+-----
Unarmed Combat | 4 5 |  5.4
Fighting       | |  3.0
Dodging        | |  2.4
Stealth        | |  1.5

Action                   |  1- 3 |  4- 6 || total
-------------------------+-------+-------++-------
Melee: Unarmed           |   194 |   181 ||   375
       Punch             |     1 |     2 ||     3
  Use: Scroll            |       |     5 ||     5
 Stab: Sleeping          |     4 |     3 ||     7
Armor: Skin              |    15 |    24 ||    39
Dodge: Dodged            |   130 |   108 ||   238

Table legend:
 A = Turns spent in this place as a percentage of turns spent in the entire game.
 B = Non-inter-level travel turns spent in this place as a percentage of non-inter-level travel turns spent in the entire game.
 C = Inter-level travel turns spent in this place as a percentage of turns spent in this place.
 D = Turns resting spent in this place as a percentage of non-inter-level travel turns spent in this place.
 E = Turns spent auto-exploring this place as a percentage of non-inter-level travel turns spent in this place.
 F = Non-inter-level travel turns spent in this place divided by the number of levels of this place that you've seen.
                   A       B       C       D       E      F
               +-------+-------+-------+-------+-------+----------------------
         Total | 100.0 | 100.0 |   0.4 |   3.7 |   3.3 | 566.8
       Dungeon | 100.0 | 100.0 |   0.4 |   3.7 |   3.3 | 566.8
               +-------+-------+-------+-------+-------+----------------------

Table legend:
 A = Kills in this place as a percentage of kills in entire the game.
 B = Kills by you in this place as a percentage of kills by you in the entire game.
 C = Kills by friends in this place as a percentage of kills by friends in the entire game.
 D = Other kills in this place as a percentage of other kills in the entire game.
 E = Experience gained in this place as a percentage of experience gained in the entire game.
 F = Experience gained in this place divided by the number of levels of this place that you have seen.
                   A       B       C       D       E      F
               +-------+-------+-------+-------+-------+----------------------
         Total | 100.0 | 100.0 |  -nan |  -nan | 100.0 |  56.5
       Dungeon | 100.0 | 100.0 |  -nan |  -nan | 100.0 |  56.5
               +-------+-------+-------+-------+-------+----------------------
